 Dungeon Crawl Stone Soup version 0.30-a0-996-ga6910c8ee8 (webtiles) character file.

Game seed: 11752704781967497029

226 Pimp the Trooper (level 6, -4/50 HPs)
             Began as a Barachi Fighter on Apr 4, 2023.
             Splashed by a jelly's acid (11 damage)
             ... in a sewer.
             The game lasted 00:04:52 (2400 turns).

Pimp the Trooper (Barachi Fighter)                  Turns: 2400, Time: 00:04:54

Health: -4/50      AC: -2    Str: 17    XL:     6   Next: 1%
Magic:  6/6        EV:  6    Int: 11    God:
Gold:   132        SH:  5    Dex: 11    Spells: 6/6 levels left

rFire   . . .      SeeInvis .    a - +0 long sword
rCold   . . .      Faith    .    c - +0 buckler
rNeg    . . .      Spirit   .    m - +0 chain mail
rPois   .          Reflect  .    (no helmet)
rElec   .          Rampage  .    (no cloak)
rCorr   .                        (no gloves)
Will    .....                    (no boots) Stlth
                                 (no amulet)
HPRegen 0.28/turn                (no ring)
MPRegen 0.10/turn                (no ring)

@: corroded, slow
A: amphibious, slowness 1, strong legs 1, +LOS
a: Hop


You were in a sewer.
You visited 1 branch of the dungeon, and saw 3 of its levels.
You also visited: Sewer.

You collected 132 gold pieces.

Inventory:

Hand Weapons
 a - a +0 long sword (weapon)
Missiles
 j - 4 atropa-tipped darts (quivered)
Armour
 b - a +0 scale mail
 c - a +0 buckler (worn)
 m - a +0 chain mail (worn)
Scrolls
 d - a scroll of identify
 f - a scroll of noise {unknown}
 g - a scroll of vulnerability
 k - 2 scrolls of teleportation
Potions
 e - a potion of mutation {unknown}
 h - a potion of invisibility
 i - a potion of resistance
 l - a potion of flight


   Skills:
 + Level 4.9 Fighting
 + Level 4.0 Long Blades
 + Level 4.8 Armour
 + Level 0.6 Dodging
 + Level 4.5 Shields
 + Level 0.5 Spellcasting


You had 6 spell levels left.
You didn't know any spells.
Your spell library contained the following spells:

 Spells                   Type           Power      Damage    Failure   Level
 Animate Dead             Necr           0%         N/A       100%        4
 Haunt                    Necr/Summ      0%         N/A       100%        7
 Infestation              Necr           0%         N/A       100%        8


Dungeon Overview and Level Annotations

Branches:
Dungeon (3/15)              Sewer (1/1)

Altars:
Elyvilon


Innate Abilities, Weirdness & Mutations

You are amphibious.
You cover ground slowly.
You can hop short distances.
You have an extended range of vision and can be seen from far away.


Message History

You kill the frilled lizard!
You hit the jelly.
Your hands burn!
The jelly is moderately wounded.
The jelly hits you but does no damage.
You hit the jelly.
Your hands burn!
The jelly is moderately wounded.
The jelly barely misses you.
You hit the jelly. The acid corrodes you!
Your hands burn!
The jelly is severely wounded.
The rat bites you but does no damage. The jelly hits you.
You are splashed with acid!
You hit the jelly.
You kill the jelly!
You block the rat's attack.
The jelly hits you but does no damage. x2
The rat barely misses you.
You have reached level 6!
You closely miss the rat. The rat barely misses you.
You block the jelly's attack.
You barely miss the rat. The rat bites you but does no damage.
The jelly hits you but does no damage.
You hit the rat.
You kill the rat!
You block the jelly's attack.
You hit the jelly.
Your hands burn!
The jelly is lightly wounded.
You block the jelly's attack. The jelly hits you but does no damage.
You hit the jelly. The acid corrodes you!
Your hands burn!
The jelly is moderately wounded.
The jelly hits you. The acid corrodes you!
You are splashed with acid.
The jelly hits you.
You are splashed with acid!
* * * LOW HITPOINT WARNING * * *
The jelly closely misses you. The jelly barely misses you.
You hit the jelly but do no damage.
Your hands burn!
* * * LOW HITPOINT WARNING * * *
The jelly is moderately wounded.
You block the jelly's attack. You block the endoplasm's attack.
The jelly hits you.
* * * LOW HITPOINT WARNING * * *
You are splashed with acid!
You die...

###.~..~.## ##########
###~.~~.~~## #...~.~~~~
##.....~..~##
###....~.†..
#...~.~~#~~.##
..##~~#######
#...##~.~##...##~.##~~#
#.. #~.~~.##~~..~. #~†#
#.. #.~#~..#..~~~
#~.####### .
#..##.##.†####
#.......~. #...###~@.#
#.~~...~~. ##∩~..~JJJ#
########## ##..~.~.##
####~.## #~.# ...#
...## ...## ...


You could see 2 jellies and an endoplasm.

Vanquished Creatures
  A jelly (Sewer)
  Terence (D:2)
  4 river rats
  4 adders
  9 worms
  An orc (D:2)
  11 endoplasms
  3 giant cockroaches
  A goblin (D:2)
  6 hobgoblins
  3 jackals (D:2)
  6 quokkas
  7 ball pythons
  2 bats (D:2)
  7 frilled lizards
  4 kobolds
  14 rats
84 creatures vanquished.

Notes
Turn   | Place    | Note
-------+----------+-------------------------------------------
     0 | D:1      | Pimp the Barachi Fighter began the quest for the Orb.
     0 | D:1      | Reached XP level 1. HP: 18/18 MP: 1/1
   157 | D:1      | Reached XP level 2. HP: 25/25 MP: 2/2
   530 | D:1      | Reached XP level 3. HP: 26/30 MP: 3/3
   749 | D:2      | Found a white marble altar of Elyvilon.
  1196 | D:2      | Found a faded altar of an unknown god.
  1217 | D:2      | Reached XP level 4. HP: 23/37 MP: 4/4
  1392 | D:2      | Noticed Terence
  1404 | D:2      | Killed Terence
  1553 | D:2      | HP: 1/38 [poisoned by an orc]
  1843 | D:3      | Reached XP level 5. HP: 27/43 MP: 5/5
  2028 | D:3      | Found a glowing drain.
  2039 | Sewer    | Entered a sewer
  2395 | Sewer    | Reached XP level 6. HP: 30/50 MP: 6/6
  2400 | Sewer    | Splashed by a jelly's acid

Illustrated notes

Levels and vault maps discovered:
D:1:      elethiomel_arrival_quiet, layout_basic
D:2:      layout_loops_ring, hellmonk_ecumenical_altar_arch_garden, basic_altar,
          uniq_terence
D:3:      layout_rooms, lightli_sewer_entry_pipes, minmay_increasing_density
Sewer:    sewer_hellmonk_slimy_pipes

Skill      XL: |  1  2  3  4  5 |
---------------+----------------+-----
Fighting       | 4 |  4.9
Armour         | 4 |  4.8
Long Blades    | 3 4 |  4.0
Shields        | 4 |  4.5
Dodging        | |  0.6
Spellcasting   | |  0.5

Action                     |  1- 3 |  4- 6 || total
---------------------------+-------+-------++-------
  Melee: Long sword        |    99 |   199 ||   298
  Throw: Dart              |       |     3 ||     3
    Use: Scroll            |       |     6 ||     6
         Potion            |       |     2 ||     2
 Armour: Scale mail        |    56 |    20 ||    76
         Chain mail        |       |    98 ||    98
  Dodge: Dodged            |    41 |    72 ||   113
  Block: Buckler           |    25 |    52 ||    77

Table legend: (Time is in decaauts)
 A = Elapsed time spent in this place.
 B = Non-inter-level travel time spent in this place.
 C = Inter-level travel time spent in this place.
 D = Time resting spent in this place.
 E = Time spent auto-exploring this place.
 F = Levels seen in this place.
 G = Mean time per level.
                   A        B        C        D        E       F      G
               +--------+--------+--------+--------+--------+-----+--------+
         Total |   2763 |   2637 |    126 |    299 |   1594 |   4 |  690.8 |
       Dungeon |   2369 |   2243 |    126 |    274 |   1381 |   3 |  789.7 |
         Sewer |    393 |    393 |      0 |     25 |    213 |   1 |  393.0 |
               +--------+--------+--------+--------+--------+-----+--------+

Top non-repeatable levels by time:
     D:2: 1269 daAuts
     D:1: 828 daAuts
   Sewer: 393 daAuts
     D:3: 271 daAuts
